 Dungeon Crawl Stone Soup version 0.19-a0-1937-g70ed36a (webtiles) character file.

314 prinygod the Quickloader (level 6, 29/52 HPs)
             Began as a Deep Dwarf Hunter on Oct 26, 2016.
             Quit the game in the Ecumenical Temple.
             The game lasted 00:10:09 (2566 turns).

prinygod the Quickloader (Deep Dwarf Hunter)        Turns: 2566, Time: 00:10:10

Health: 29/52      AC:  4    Str: 16    XL:     6   Next: 19%
Magic:  6/6        EV: 12    Int: 11    God:
Gold:   171        SH:  0    Dex: 15    Spells: 0 memorised, 5 levels left

rFire  . . .     SeeInvis .     a - +1 hand crossbow
rCold  . . .     Gourm    +     c - +0 leather armour
rNeg   . . .     Faith    .     (no shield)
rPois  .         Spirit   .     (no helmet)
rElec  .         Reflect  .     (no cloak)
rCorr  .         Harm     .     (no gloves)
MR     +....                    r - +0 pair of boots
Stlth  ++........               B - amulet of the gourmand
                                s - ring of protection from magic
                                i - ring of wizardry

@: non-regenerating
A: damage resistance, recharge devices, sense surroundings 1, slow regeneration
3
a: Device Recharging


You were in the Ecumenical Temple.
You were hungry.

You visited 2 branches of the dungeon, and saw 5 of its levels.

You collected 171 gold pieces.

Inventory:

Hand Weapons
 a - a +1 hand crossbow (weapon)
 b - a +0 short sword
 E - a +0 dagger
Missiles
 d - 5 bolts (quivered)
Armour
 c - a +0 leather armour (worn)
 r - a +0 pair of boots (worn)
Jewellery
 i - a ring of wizardry (left hand)
 s - a ring of protection from magic (right hand)
 B - an amulet of the gourmand (around neck)
 C - a cursed ring of teleportation {unknown}
Wands
 e - a wand of heal wounds (3/9)
 t - a wand of lightning (12/15)
Scrolls
 h - a scroll of amnesia {unknown}
 j - a scroll of recharging {unknown}
 m - a scroll of teleportation {unknown}
 n - 6 scrolls of identify {unknown}
 u - a scroll of blinking {unknown}
 y - a scroll of random uselessness {unknown}
 z - a scroll of enchant weapon {unknown}
Potions
 g - 2 potions of haste {unknown}
 k - a potion of heal wounds {unknown}
 l - 2 potions of ambrosia {unknown}
 o - a potion of mutation {unknown}
 p - a potion of cancellation {unknown}
 w - 2 potions of flight {unknown}
 x - a potion of degeneration {unknown}
 D - a potion of agility {unknown}
Comestibles
 f - 3 bread rations
 q - 2 beef jerkies
 v - a slice of pizza
 A - a meat ration


   Skills:
 - Level 1.7 Fighting
 * Level 8.2 Crossbows
 - Level 2.1 Dodging
 - Level 1.2 Stealth


You had 5 spell levels left.
You didn't know any spells.

Dungeon Overview and Level Annotations

Branches:
Dungeon (4/15)             Temple (1/1) D:4

Altars:
Ashenzari
Cheibriados
Dithmenos
Elyvilon
Fedhas
Gozag
Hepliaklqana
Kikubaaqudgha
Makhleb
Nemelex Xobeh
Okawaru
Qazlal
Ru
Sif Muna
Trog
Uskayaw
Vehumet
Xom
Yredelemnul
Zin
The Shining One

Annotations:
D:4 Menkaure; droogie's ghost, amateur FeTm


Innate Abilities, Weirdness & Mutations

You are resistant to damage.
You can recharge devices by infusing magical energy.
You passively map a small area around you.
You do not regenerate.


Message History

There is a staircase back to the Dungeon here.
Found a glowing silver altar of Zin.
Found a shattered altar of Ashenzari.
Found a hazy altar of Hepliaklqana.
Found a sacrificial altar of Ru.
Found a bloodstained altar of Trog.
Found an ancient bone altar of Kikubaaqudgha.
Found a blossoming altar of Fedhas.
Found a radiant altar of Vehumet.
There is a snail-covered altar of Cheibriados here.
Found a white marble altar of Elyvilon.
There is a hide-covered altar of Uskayaw here.
You are feeling hungry.
Found an iron altar of Okawaru.
There is a stormy altar of Qazlal here.
Done exploring.
Search for what [Enter for "altar", or ? for help]? altar Quiver which item? (- for none, * to show all) (? for menu, Esc to quit)
Okay, then.
Are you sure you want to abandon this character and quit the game? (Confirm with "yes".)

##### ##### #...# #...# #._.#
#._.# #...##### #####...#
####.##.# #@##.#### ##..##
##..## ##.## ##.## ### ####.#.#
#.#.#### ##### ..# #...##.##
##.##...# #...# _.#
#._.###.###.###._.# #._.#
..####...####...####...####...#
##.##.###.###._.###.###.##.####
##..#####.##...##.#####..##


There were no monsters in sight!

Vanquished Creatures
  A hound (D:4)
  An orc wizard (D:3)
  Ijyb (D:3)
  Jessica (D:3)
  Terence (D:3)
  Natasha (thrice) (D:2)
  4 adders
  2 worms (D:2)
  A dart slug (D:3)
  A leopard gecko (D:3)
  3 orcs (D:3)
  3 bats
  2 giant cockroaches
  5 goblins
  10 hobgoblins
  2 quokkas
  3 ball pythons
  5 frilled lizards
  6 kobolds
  7 rats
62 creatures vanquished.

Notes
Turn   | Place    | Note
-------+----------+-------------------------------------------
     0 | D:1      | prinygod the Deep Dwarf Hunter began the quest for the Orb.
     0 | D:1      | Reached XP level 1. HP: 19/19 MP: 1/1
   177 | D:1      | Reached XP level 2. HP: 20/26 MP: 2/2
   232 | D:1      | Reached skill level 5 in Crossbows
   529 | D:2      | Found an iron altar of Okawaru.
   600 | D:2      | Reached XP level 3. HP: 20/32 MP: 3/3
   677 | D:2      | Found a sparkling altar of Nemelex Xobeh.
   679 | D:2      | Found a shimmering altar of Xom.
   679 | D:2      | Noticed Natasha
   681 | D:2      | Killed Natasha
   681 | D:2      | Reached skill level 6 in Crossbows
   805 | D:2      | Found a shadowy altar of Dithmenos.
   858 | D:2      | Reached XP level 4. HP: 23/39 MP: 4/4
   984 | D:2      | Noticed Natasha
   985 | D:2      | Killed Natasha
   995 | D:2      | Noticed Natasha
  1000 | D:2      | Killed Natasha
  1000 | D:2      | Reached skill level 7 in Crossbows
  1000 | D:2      | Reached XP level 5. HP: 23/45 MP: 5/5
  1316 | D:3      | Noticed Ijyb
  1326 | D:3      | Killed Ijyb
  1481 | D:3      | Noticed Jessica
  1485 | D:3      | Killed Jessica
  1492 | D:3      | Noticed Terence
  1512 | D:3      | Killed Terence
  1999 | D:3      | Reached skill level 8 in Crossbows
  1999 | D:3      | Reached XP level 6. HP: 20/52 MP: 6/6
  2178 | D:4      | Noticed droogie's ghost (amateur FeTm)
  2212 | D:4      | Noticed Menkaure
  2317 | D:4      | Found a staircase to the Ecumenical Temple.
  2357 | Temple   | Entered the Ecumenical Temple
  2566 | Temple   | Quit the game

Vault maps used:
D:1:      lemuel_arrival_lava_pool
D:2:      grunt_temple_overflow_open, nicolae_dithmenos_shadow_blocks,
          kennysheep_okawaru_gauntlet, uniq_natasha
D:3:      kennysheep_donut, bh_walls_and_bars, uniq_iyjb, uniq_terence,
          uniq_jessica
D:4:      first_bread, uniq_menkaure
Temple:   eino_narrow_crystal_temple

Skill      XL: |  1  2  3  4  5 |
---------------+----------------+-----
Crossbows      | 5 6 7 8 |  8.2
Fighting       | |  1.7
Dodging        | |  2.1
Stealth        | |  1.2

Action                   |  1- 3 |  4- 6 || total
-------------------------+-------+-------++-------
Melee: Short sword       |     5 |    57 ||    62
       Dagger            |       |    18 ||    18
 Fire: Hand crossbow     |    62 |    70 ||   132
Evoke: Wand              |       |     2 ||     2
 Stab: Sleeping          |       |     4 ||     4
  Eat: Chunk             |       |     5 ||     5
Armor: Leather armour    |     4 |    18 ||    22
Dodge: Dodged            |     7 |    62 ||    69
